 Dungeon Crawl Stone Soup version 0.31-a0-963-ga325b2283a (webtiles) character file.

Game seed: 9098433909547683630

2645 Fodor the Cudgeller (level 9, -2/78 HPs)
             Began as a Minotaur Fighter on Oct 25, 2023.
             Slain by a moth of wrath (18 damage)
             ... on level 7 of the Dungeon on Oct 26, 2023.
             The game lasted 00:34:44 (5897 turns).

Fodor the Cudgeller (Minotaur Fighter)              Turns: 5897, Time: 00:34:45

Health: -2/78      AC:  9    Str: 27    XL:     9   Next: 35%
Magic:  8/8        EV: 12    Int:  4    God:
Gold:   591        SH:  7    Dex: 23    Spells: 8/8 levels left

rFire   . . .        C - +9 morningstar "Huocw" {heavy, +Blink Str+4 Int-3 Dex+7}
rCold   . . .        c - +0 buckler
rNeg    . . .        b - +0 scale mail
rPois   .            (helmet restricted)
rElec   .            (no cloak)
rCorr   .            (no gloves)
SInv    .            f - +0 pair of boots
Will    .....        (no amulet)
Stlth   +            t - +6 ring of dexterity
HPRegen 0.33/turn    (no ring)
MPRegen 0.11/turn

%: no passive effects
@: on berserk cooldown, slowed, very slow
A: horns 2, retaliatory headbutt
a: Evoke Blink


You were on level 7 of the Dungeon.
You visited 1 branch of the dungeon, and saw 7 of its levels.
You also visited: Sewer and Ossuary.

You collected 656 gold pieces.
You spent 65 gold pieces at shops.

Inventory:

Hand Weapons
 s - a +0 shortbow
 C - the +9 morningstar "Huocw" (weapon) {heavy, +Blink Str+4 Int-3 Dex+7}
   (You found it on level 4 of the Dungeon)

   Str+4:     It affects your strength (+4).
   Int-3:     It affects your intelligence (-3).
   Dex+7:     It affects your dexterity (+7).
   +Blink:    It lets you blink.
 G - a +7 great mace
Missiles
 D - 2 throwing nets
 E - 3 boomerangs (quivered)
 J - 10 poisoned darts
Armour
 b - a +0 scale mail (worn)
 c - a +0 buckler (worn)
 f - a +0 pair of boots (worn)
Jewellery
 r - a ring of magical power
 t - a +6 ring of dexterity (left hand)
 I - an amulet of faith
Wands
 H - a wand of flame (8)
 L - a wand of mindburst (9)
Scrolls
 a - 2 scrolls of vulnerability {unknown}
 h - 5 scrolls of revelation {unknown}
 i - 5 scrolls of identify {unknown}
 j - 2 scrolls of poison {unknown}
 k - a scroll of blinking {unknown}
 n - 5 scrolls of amnesia {unknown}
 v - 2 scrolls of enchant armour {unknown}
 x - 2 scrolls of fear {unknown}
 y - 3 scrolls of brand weapon {unknown}
 A - 2 scrolls of enchant weapon {unknown}
 B - a scroll of summoning {unknown}
 F - 2 scrolls of fog {unknown}
 K - a scroll of immolation {unknown}
 M - a scroll of teleportation {unknown}
Potions
 d - 3 potions of might
 e - 8 potions of curing {unknown}
 g - 4 potions of brilliance {unknown}
 l - a potion of ambrosia {unknown}
 m - a potion of cancellation {unknown}
 o - a potion of attraction {unknown}
 p - 6 potions of degeneration {unknown}
 q - 2 potions of lignification {unknown}
 u - 4 potions of heal wounds
 w - a potion of haste {unknown}
 z - 5 potions of mutation {unknown}


   Skills:
 + Level 6.5 Fighting
 + Level 6.4(8.1) Axes
 + Level 7.7(8.8) Maces & Flails
 + Level 2.5 Throwing
 + Level 7.5 Armour
 + Level 2.9 Dodging
 + Level 1.0 Stealth
 + Level 7.0 Shields


You had 8 spell levels left.
You didn't know any spells.
Your spell library contained the following spells:

 Spells                   Type           Power      Damage    Failure   Level
 Inner Flame              Hex/Fire       0%         N/A       99%         3
 Flame Wave               Conj/Fire      0%         2d4       100%        4
 Olgreb's Toxic Radiance  Pois           0%         N/A       100%        4
 Sticky Flame             Conj/Fire      0%         2d3       100%        4
 Discord                  Hex            0%         N/A       100%        8
 Ignition                 Fire           0%         3d3       100%        8


Dungeon Overview and Level Annotations

Branches:
Dungeon (7/15)              Sewer (visited)         Ossuary (visited)
 Temple: D:4-7

Altars:
Dithmenos
Hepliaklqana
Nemelex Xobeh
Ru
Xom

Shops:
D:5 !

Annotations:
D:7 1 transporter, lunkers's ghost, novice MeSh


Innate Abilities, Weirdness & Mutations

You have a pair of horns on your head.
You reflexively headbutt those who attack you in melee.


Message History

The black bear closely misses you. You block the black bear's attack.
The black bear closely misses you.
The black bear bites you but does no damage.
You block the black bear's attack. x2
The black bear attacks as it pursues you!
The black bear closely misses you. x2; The black bear completely misses you.
The black bear bites you. The black bear completely misses you.
The black bear claws you but does no damage.
Unknown command.
The water moccasin bites you but does no damage.
Lunkers's ghost flexes its fingers.
The water moccasin bites you!
* * * LOW HITPOINT WARNING * * *
The black bear bites you but does no damage.
The black bear completely misses you.
The black bear claws you but does no damage.
The water moccasin closely misses you. You furiously retaliate!
You headbutt the water moccasin.
You see here a silvery potion.
Unknown command.
You feel much better.
The water moccasin is no longer berserk.
The water moccasin bites you but does no damage.
The black bear misses you.
The black bear claws you but does no damage.
You block the black bear's attack. The water moccasin misses you.
You furiously retaliate!
You headbutt the water moccasin! The black bear bites you!
The black bear misses you. The black bear claws you. The black bear bites you.
The black bear claws you.
The black bear claws you but does no damage.
You beat the black bear like a drum!!!
You kill the black bear!
Lunkers's ghost barely misses you. The moth of wrath bites you!
* * * LOW HITPOINT WARNING * * *
Lunkers's ghost hits you.
* * * LOW HITPOINT WARNING * * *
You bludgeon the moth of wrath!!
The moth of wrath is heavily wounded.
The moth of wrath bites you!!
You die...

#############
#...........#######
..###.............###
#..####.©.####...##
##.##..#####..###..#
#..#..Sy@[=..#..##.#
#.##.##W.[###....#.#
#.#.†./.#.....#.##.#
#.#..##..©..#...#..#
#.#......#..##..#.##
#.##...#...#....#.#
#..#....#......##.#
#####.#####..###©##..##
#.........####©###....#


You could see a moth of wrath, a water moccasin (slow) and lunkers's ghost.

Vanquished Creatures
  A water moccasin (D:4)
  2 black bears
  An ice beast (D:5)
  The ghost of Brisketman the Scratcher, an amateur FeSh of Qazlal (D:5)
  3 ogres (D:5)
  3 centaurs
  A kobold brigand (D:6)
  A phantom (D:6)
  2 scorpions
  4 bullfrogs
  4 crimson imps (D:4)
  3 orc priests (D:4)
  2 gnoll boudas (D:7)
  A hound (D:6)
  2 sleepcaps (D:6)
  6 iguanas
  3 orc wizards
  8 mummies (Ossuary)
  8 gnolls (D:7)
  10 river rats
  11 adders
  4 white imps
  A worm (D:2)
  5 dart slugs
  13 orcs
  4 bats
  5 endoplasms
  2 giant cockroaches (D:3)
  3 gnoll zombies (Ossuary)
  10 hobgoblins
  9 jackals
  4 quokkas
  23 ball pythons
  15 frilled lizards
  6 goblins
  A hobgoblin zombie (Ossuary)
  11 kobolds
  2 kobold zombies
  3 orc zombies (Ossuary)
  31 rats
229 creatures vanquished.

Notes
Turn   | Place    | Note
-------+----------+-------------------------------------------
     0 | D:1      | Fodor the Minotaur Fighter began the quest for the Orb.
     0 | D:1      | Reached XP level 1. HP: 19/19 MP: 0/0
   338 | D:1      | Reached XP level 2. HP: 27/27 MP: 1/1
   846 | D:2      | Reached XP level 3. HP: 33/33 MP: 2/2
   967 | D:2      | Reached XP level 4. HP: 35/40 MP: 3/3
  1713 | D:3      | Noticed a centaur
  1723 | D:3      | Killed a centaur
  1724 | D:3      | Reached skill level 1 in Dodging
  1724 | D:3      | Reached XP level 5. HP: 36/46 MP: 4/4
  1955 | D:3      | Found a glowing drain.
  1963 | D:3      | Reached skill level 5 in Shields
  1983 | Sewer    | Entered a sewer
  2156 | Sewer    | Reached XP level 6. HP: 37/53 MP: 5/5
  2159 | Sewer    | Reached skill level 5 in Armour
  2420 | Sewer    | Reached skill level 5 in Axes
  3008 | D:4      | Identified the +9 morningstar "Huocw" {heavy, +Blink Str+4
                  | Int-3 Dex+7}
  3035 | D:4      | Found a shadowy altar of Dithmenos.
  3153 | D:4      | Reached XP level 7. HP: 22/60 MP: 6/6
  3351 | D:4      | Reached skill level 1 in Maces & Flails
  3416 | D:4      | Found a shimmering altar of Xom.
  3437 | D:4      | Reached skill level 5 in Fighting
  3997 | D:5      | Entered Level 5 of the Dungeon
  3997 | D:5      | Found Fovuer's Distillery.
  4002 | D:5      | Bought a potion of heal wounds for 65 gold pieces
  4026 | D:5      | Reached XP level 8. HP: 59/68 MP: 7/7
  4028 | D:5      | Reached skill level 1 in Stealth
  4073 | D:5      | Reached skill level 1 in Throwing
  4180 | D:5      | Found a sand-covered staircase.
  4195 | Ossuary  | Entered an ossuary
  4233 | Ossuary  | Reached skill level 5 in Maces & Flails
  4415 | D:5      | Found a transporter.
  4415 | D:5      | Noticed Brisketman's ghost (amateur FeSh)
  4417 | D:5      | Found a transporter.
  4450 | D:5      | Killed Brisketman's ghost
  5231 | D:6      | Found a hazy altar of Hepliaklqana.
  5268 | D:6      | Reached XP level 9. HP: 75/75 MP: 8/8
  5677 | D:7      | Found a sacrificial altar of Ru.
  5686 | D:7      | Found a sparkling altar of Nemelex Xobeh.
  5781 | D:7      | Found a transporter.
  5797 | D:7      | Noticed lunkers's ghost (novice MeSh)
  5808 | D:7      | Found a transporter.
  5816 | D:7      | Noticed a moth of wrath
  5897 | D:7      | Slain by a moth of wrath

Illustrated notes

Levels and vault maps discovered:
D:1:      dpeg_arrival_castle, layout_loops_ring
D:2:      layout_basic, kennysheep_generic_room_16
D:3:      layout_loops_ring, portal_sewer_entry_b,
          chequers_serial_rivers_small_3
D:4:      layout_basic, led_xom_imps, nicolae_dithmenos_shadow_blocks,
          serial_glass, glass_columns_a, glass_columns_a
D:5:      layout_rooms, gammafunk_ghost_smash, enter_ossuary_3, serial_shops,
          shop, minmay_lizard_king
D:6:      layout_loops_corners, nicolae_hepliaklqana_hazy_memory,
          nicolae_letterblocks [nicolae_letter_subblock,
          nicolae_letter_subblock, nicolae_letter_subblock,
          nicolae_letter_subblock, nicolae_letter_subblock,
          nicolae_letter_subblock, nicolae_letter_subblock,
          nicolae_letter_subblock, nicolae_letter_subblock,
          nicolae_letter_subblock, nicolae_letter_subblock,
          nicolae_letter_subblock, nicolae_letter_subblock,
          nicolae_letter_subblock, nicolae_letter_subblock,
          nicolae_letter_subblock, nicolae_letter_subblock,
          nicolae_letter_subblock, nicolae_letter_subblock,
          nicolae_letter_subblock, nicolae_letter_subblock,
          nicolae_letter_subblock, nicolae_letter_subblock,
          nicolae_letter_subblock, nicolae_letter_subblock]
D:7:      layout_loops_cross, mainiacjoe_overflow_catwalk_spiral,
          minmay_temple_entry_stoned_glass, gammafunk_ghost_berserking_beasts

Skill      XL: |  1  2  3  4  5  6  7  8  9 |
---------------+----------------------------+-----
Shields        | 4 5 6 7 |  7.0
Armour         | 4 5 6 7 |  7.5
Axes           | 3 4 5 6 |  6.4
Fighting       | 4 5 6 |  6.5
Dodging        | 1 2 |  2.9
Maces & Flails | 4 7 |  7.7
Stealth        | 1 |  1.0
Throwing       | 1 2 |  2.5

Action                     |  1- 3 |  4- 6 |  7- 9 || total
---------------------------+-------+-------+-------++-------
  Melee: War axe           |    66 |   172 |       ||   238
         Headbutt          |    11 |    18 |    18 ||    47
         Morningstar       |       |     8 |   130 ||   138
  Throw: Boomerang         |       |       |    19 ||    19
Ability: Evoke Blink       |       |       |     1 ||     1
  Evoke: Wand              |       |       |     2 ||     2
    Use: Potion            |       |       |     3 ||     3
 Armour: Scale mail        |    44 |   213 |   135 ||   392
  Dodge: Dodged            |    38 |   149 |   131 ||   318
  Block: Buckler           |    23 |    61 |    87 ||   171

Table legend: (Time is in decaauts)
 A = Elapsed time spent in this place.
 B = Non-inter-level travel time spent in this place.
 C = Inter-level travel time spent in this place.
 D = Time resting spent in this place.
 E = Time spent auto-exploring this place.
 F = Levels seen in this place.
 G = Mean time per level.
                   A        B        C        D        E       F      G
               +--------+--------+--------+--------+--------+-----+--------+
         Total |   6147 |   5874 |    273 |    580 |      0 |   9 |  683.0 |
       Dungeon |   5174 |   4901 |    273 |    185 |      0 |   7 |  739.1 |
         Sewer |    752 |    752 |      0 |    395 |      0 |   1 |  752.0 |
       Ossuary |    220 |    220 |      0 |      0 |      0 |   1 |  220.0 |
               +--------+--------+--------+--------+--------+-----+--------+

Top non-repeatable levels by time:
     D:4: 1101 daAuts
     D:6: 921 daAuts
     D:2: 827 daAuts
     D:1: 812 daAuts
   Sewer: 752 daAuts
     D:3: 685 daAuts
     D:5: 491 daAuts
     D:7: 334 daAuts
 Ossuary: 220 daAuts
